3L
PORTLAND EVERGREENS @ MONTANA PANDAS
07/30/2028
 
TOP OF THE 1ST
Portland Evergreens batting - Pitching for Montana Pandas : RHP Elvin Brooks
Pitching: RHP Elvin Brooks
Batting: RHB Silvio Bonauiti 0-0: Ball
1-0: Foul Ball, location: 2F
1-1: Foul Ball, location: 2F
1-2: Foul Ball, location: 2F
1-2: Single, Error in OF, E7, batter to second base
Batting: LHB Clay Rush 0-0: 2-RUN HOME RUN (Flyball, 89XD), Distance : 359 ft
Batting: LHB Chris Payling 0-0: Ball
1-0: Ground out 4-3 (Groundball, 4)
Batting: LHB John Ennis 0-0: Called Strike
0-1: Swinging Strike
0-2: Foul Ball, location: 2F
0-2: Ball
1-2: Ground out U3 (Groundball, 3L)
Batting: LHB Adrián Gómez 0-0: Called Strike
0-1: SINGLE (Groundball, 56D)
Batting: LHB Charles Mathes 0-0: SINGLE (Line Drive, 89S)
Adrián Gómez to second
Batting: RHB Ty Struck 0-0: Ball
1-0: Called Strike
1-1: Ball
2-1: Ball
3-1: Base on Balls
Adrián Gómez to third
Charles Mathes to second
Batting: RHB Bubba Blevins 0-0: Ball
1-0: Ball
2-0: Fly out, F9 (Flyball, 9LS)
Top of the 1st over - 2 run(s), 4 hit(s), 1 error(s), 3 left on base; Portland 2 - Montana 0
BOTTOM OF THE 1ST
Montana Pandas batting - Pitching for Portland Evergreens : RHP Ryan Peterson
Pitching: RHP Ryan Peterson
Batting: RHB Arturo Mateo 0-0: Ball
1-0: Ball
2-0: Foul Ball, location: 2F
2-1: Ground out 5-3 (Groundball, 56)
Batting: RHB He-ping Zhong 0-0: SINGLE (Flyball, 78S)
Batting: SHB Jake Richardson 0-0: Ball
1-0: Ball
2-0: Ball
3-0: Base on Balls
He-ping Zhong to second
Batting: RHB Pancho Salaedo 0-0: Ball
1-0: Called Strike
1-1: Foul Ball, location: 2F
1-2: Fly out, F8 (Flyball, 8RM)
Batting: RHB Jesús Vásquez 0-0: Ball
1-0: Called Strike
1-1: Called Strike
1-2: Hit by Pitch
He-ping Zhong to third
Jake Richardson to second
Batting: RHB Mike Henshaw 0-0: Swinging Strike
0-1: Ball
1-1: Ball
2-1: Ball
3-1: Foul Ball, location: 2F
3-2: Strikes out swinging
Bottom of the 1st over - 0 run(s), 1 hit(s), 0 error(s), 3 left on base; Portland 2 - Montana 0
TOP OF THE 2ND
Portland Evergreens batting - Pitching for Montana Pandas : RHP Elvin Brooks
Batting: LHB Gabriel Díaz 0-0: SINGLE (Line Drive, 56D)
Batting: RHB Silvio Bonauiti 0-0: Ball
1-0: Grounds into double play, 5-4-3 (Groundball, 56)
Batting: LHB Clay Rush 0-0: Called Strike
0-1: Foul Ball, location: 2F
0-2: Ball
1-2: Ball
2-2: Fly out, F8 (Flyball, 8RS)
Top of the 2nd over - 0 run(s), 1 hit(s), 0 error(s), 0 left on base; Portland 2 - Montana 0
BOTTOM OF THE 2ND
Montana Pandas batting - Pitching for Portland Evergreens : RHP Ryan Peterson
Batting: RHB Ronnie Tushinghem 0-0: Ball
1-0: Ball
2-0: Called Strike
2-1: Foul Ball, location: 2F
2-2: Foul Ball, location: 2F
2-2: Strikes out swinging
Batting: RHB Elder Sarrano 0-0: Ground out 4-3 (Groundball, 4)
Batting: RHB José García 0-0: Called Strike
0-1: Foul Ball, location: 2F
0-2: Foul Ball, location: 2F
0-2: Strikes out swinging
Bottom of the 2nd over - 0 run(s), 0 hit(s), 0 error(s), 0 left on base; Portland 2 - Montana 0
TOP OF THE 3RD
Portland Evergreens batting - Pitching for Montana Pandas : RHP Elvin Brooks
Batting: LHB Chris Payling 0-0: Foul Ball, location: 2F
0-1: Ball
1-1: Ball
2-1: Ball
3-1: SINGLE (Line Drive, 3)
Batting: LHB John Ennis 0-0: Ball
1-0: Foul Ball, location: 2F
1-1: Foul Ball, location: 2F
1-2: Ball
2-2: Foul Ball, location: 2F
2-2: Fly out, F7 (Flyball, 78D)
Batting: LHB Adrián Gómez 0-0: Ball
1-0: Ball
2-0: Ball
3-0: Base on Balls
Chris Payling to second
Batting: LHB Charles Mathes 0-0: Called Strike
0-1: Ball
1-1: Ball
2-1: Foul Ball, location: 2F
2-2: Ball
3-2: Foul Ball, location: 2F
3-2: DOUBLE (Line Drive, 9LM)
Chris Payling scores
Adrián Gómez to third
Batting: RHB Ty Struck 0-0: Ball
1-0: Called Strike
1-1: Ball
2-1: Ground out 6-3 (Groundball, 56)
Adrián Gómez scores
Batting: RHB Bubba Blevins 0-0: Called Strike
0-1: Swinging Strike
0-2: Ball
1-2: Strikes out swinging
Top of the 3rd over - 2 run(s), 2 hit(s), 0 error(s), 1 left on base; Portland 4 - Montana 0
BOTTOM OF THE 3RD
Montana Pandas batting - Pitching for Portland Evergreens : RHP Ryan Peterson
Batting: RHB Arturo Mateo 0-0: Called Strike
0-1: Swinging Strike
0-2: Ball
1-2: Ball
2-2: Strikes out looking
Batting: RHB He-ping Zhong 0-0: Foul Ball, location: 2F
0-1: Fly out, F9 (Flyball, 9S)
Batting: SHB Jake Richardson 0-0: Foul Ball, location: 2F
0-1: Foul Ball, location: 2F
0-2: Ball
1-2: Ball
2-2: Strikes out swinging
Bottom of the 3rd over - 0 run(s), 0 hit(s), 0 error(s), 0 left on base; Portland 4 - Montana 0
TOP OF THE 4TH
Portland Evergreens batting - Pitching for Montana Pandas : RHP Elvin Brooks
Batting: LHB Gabriel Díaz 0-0: Called Strike
0-1: Called Strike
0-2: Ball
1-2: Ball
2-2: Foul Ball, location: 2F
2-2: Ground out 4-3 (Groundball, 4)
Batting: RHB Silvio Bonauiti 0-0: Called Strike
0-1: Ground out 5-3 (Groundball, 5)
Batting: LHB Clay Rush 0-0: Called Strike
0-1: Ball
1-1: Fly out, F8 (Flyball, 78S)
Top of the 4th over - 0 run(s), 0 hit(s), 0 error(s), 0 left on base; Portland 4 - Montana 0
BOTTOM OF THE 4TH
Montana Pandas batting - Pitching for Portland Evergreens : RHP Ryan Peterson
Batting: RHB Pancho Salaedo 0-0: Ball
1-0: Foul Ball, location: 2F
1-1: Ball
2-1: Foul Ball, location: 2F
2-2: Strikes out swinging, 2-3 out at first.
Batting: RHB Jesús Vásquez 0-0: Called Strike
0-1: Ball
1-1: Called Strike
1-2: Strikes out swinging
Batting: RHB Mike Henshaw 0-0: Ball
1-0: Ball
2-0: Called Strike
2-1: Swinging Strike
2-2: Fly out, F8 (Flyball, 89S)
Bottom of the 4th over - 0 run(s), 0 hit(s), 0 error(s), 0 left on base; Portland 4 - Montana 0
TOP OF THE 5TH
Portland Evergreens batting - Pitching for Montana Pandas : RHP Elvin Brooks
Batting: LHB Chris Payling 0-0: Ball
1-0: Called Strike
1-1: Swinging Strike
1-2: Ground out 6-3 (Groundball, 6)
Batting: LHB John Ennis 0-0: Called Strike
0-1: Ball
1-1: Ball
2-1: Foul Ball, location: 2F
2-2: Foul Ball, location: 2F
2-2: Ball
3-2: SINGLE (Line Drive, 6D)
Batting: LHB Adrián Gómez 0-0: Foul Ball, location: 2F
0-1: Ball
1-1: Called Strike
1-2: DOUBLE (Flyball, 8LXD)
John Ennis to third
Batting: LHB Charles Mathes 0-0: Ball
1-0: Called Strike
1-1: Swinging Strike
1-2: Ball
2-2: Ball
3-2: Strikes out swinging
Batting: RHB Ty Struck 0-0: Reached on error, E3 (Groundball, 23)
John Ennis scores
Adrián Gómez to third
Batting: RHB Bubba Blevins 0-0: Foul Ball, location: 2F
0-1: Ball
1-1: Called Strike
1-2: Foul Ball, location: 2F
1-2: Ball
2-2: Foul Ball, location: 2F
2-2: Ball
3-2: SINGLE (Line Drive, 8RS)
Adrián Gómez scores
Ty Struck to second
Ty Struck to third
Batting: LHB Gabriel Díaz 0-0: Called Strike
0-1: Ball
1-1: Ball
2-1: Foul Ball, location: 2F
2-2: Reached on error, E5 (Flyball, 5D)
Ty Struck scores
Bubba Blevins to second
Batting: RHB Silvio Bonauiti 0-0: Called Strike
0-1: Foul Ball, location: 2F
0-2: Foul Ball, location: 2F
0-2: Strikes out swinging
Top of the 5th over - 3 run(s), 3 hit(s), 2 error(s), 2 left on base; Portland 7 - Montana 0
BOTTOM OF THE 5TH
Montana Pandas batting - Pitching for Portland Evergreens : RHP Ryan Peterson
Batting: RHB Ronnie Tushinghem 0-0: Ground out 1-3 (Groundball, 13S)
Batting: RHB Elder Sarrano 0-0: Ball
1-0: Ground out 4-3 (Groundball, 4S)
Batting: RHB José García 0-0: Ball
1-0: SINGLE (Groundball, 34D)
Pitching: LHP Jesús Medina
Batting: RHB Arturo Mateo 0-0: Ball
1-0: Ball
2-0: Called Strike
2-1: Called Strike
2-2: Foul Ball, location: 2F
2-2: Ball
3-2: Ground out 6-3 (Groundball, 6)
Bottom of the 5th over - 0 run(s), 1 hit(s), 0 error(s), 1 left on base; Portland 7 - Montana 0
TOP OF THE 6TH
Portland Evergreens batting - Pitching for Montana Pandas : RHP Elvin Brooks
Batting: LHB Clay Rush 0-0: Called Strike
0-1: Foul Ball, location: 2F
0-2: Ball
1-2: Strikes out swinging
Batting: LHB Chris Payling 0-0: Swinging Strike
0-1: Ground out 4-3 (Groundball, 4)
Batting: LHB John Ennis 0-0: Called Strike
0-1: Ball
1-1: Fly out, F2 (Popup, 2L)
Top of the 6th over - 0 run(s), 0 hit(s), 0 error(s), 0 left on base; Portland 7 - Montana 0
BOTTOM OF THE 6TH
Montana Pandas batting - Pitching for Portland Evergreens : LHP Jesús Medina
Batting: RHB He-ping Zhong 0-0: Ball
1-0: Ball
2-0: Called Strike
2-1: Ball
3-1: Called Strike
3-2: SINGLE (Line Drive, 89M)
Batting: SHB Jake Richardson 0-0: Fielders Choice at 2nd, 6-4 (Groundball, 56)
Batting: RHB Pancho Salaedo 0-0: Called Strike
0-1: SINGLE (Groundball, 6D)
Jake Richardson to second
Batting: RHB Jesús Vásquez 0-0: Swinging Strike
0-1: Called Strike
0-2: Foul Ball, location: 2F
0-2: Foul Ball, location: 2F
0-2: Ball
1-2: Ball
2-2: Fly out, F6 (Popup, 6S)
Batting: RHB Mike Henshaw 0-0: Swinging Strike
0-1: Fielders Choice at 2nd, 6-4 (Groundball, 56)
Bottom of the 6th over - 0 run(s), 2 hit(s), 0 error(s), 1 left on base; Portland 7 - Montana 0
TOP OF THE 7TH
Portland Evergreens batting - Pitching for Montana Pandas : RHP Elvin Brooks
Pitching: RHP Pancho Chacón
Batting: LHB Adrián Gómez 0-0: Ball
1-0: Called Strike
1-1: Ball
2-1: Called Strike
2-2: Ball
3-2: Reached on error, E3 (Groundball, 34)
Batting: LHB Charles Mathes 0-0: Ball
1-0: Foul Ball, location: 2F
1-1: Swinging Strike
1-2: Ball
2-2: Ball
3-2: SINGLE (Line Drive, 8RS)
Adrián Gómez to second
Batting: RHB Ty Struck 0-0: Swinging Strike
0-1: Ball
1-1: SINGLE (Line Drive, 6S) (infield hit)
Adrián Gómez to third
Charles Mathes to second
Batting: RHB Bubba Blevins 0-0: Ball
1-0: Foul Ball, location: 2F
1-1: Fielders Choice at 2nd, 5-4 (Groundball, 56)
Adrián Gómez scores
Charles Mathes to third
Batting: LHB Gabriel Díaz 0-0: Ball
1-0: Ball
2-0: Foul Ball, location: 2F
2-1: Ball
3-1: Swinging Strike
3-2: SINGLE (Groundball, 34D)
Charles Mathes scores
Bubba Blevins to second
Runner from 2nd tries for 3rd, SAFE, throw made to third
Batting: RHB Silvio Bonauiti 0-0: Called Strike
Gabriel Díaz steals 2nd base
0-1: Ball
1-1: Called Strike
1-2: Ball
2-2: Ball
3-2: Foul Ball, location: 2F
3-2: Base on Balls
Batting: LHB Clay Rush 0-0: Ball
1-0: Ball
2-0: Called Strike
2-1: Ball
3-1: Base on Balls
Bubba Blevins scores
Gabriel Díaz to third
Silvio Bonauiti to second
Batting: LHB Chris Payling 0-0: Called Strike
0-1: Called Strike
0-2: Fly out, F7 (Flyball, 78M)
Runner from 3rd tags up, SCORES, throw made
Pitching: LHP Pedro Méndez
Batting: LHB John Ennis 0-0: Foul Ball, location: 2F
0-1: Foul Ball, location: 2F
0-2: Ball
1-2: Foul Ball, location: 2F
1-2: Foul Ball, location: 2F
1-2: Ball
2-2: Ball
3-2: SINGLE (Groundball, 6MD)
Silvio Bonauiti to third
Clay Rush to second
Silvio Bonauiti scores
Clay Rush to third
Batting: LHB Adrián Gómez 0-0: Ball
1-0: Ball
2-0: Foul Ball, location: 2F
2-1: Called Strike
2-2: Fielders Choice at 2nd, 5-4 (Groundball, 5)
Top of the 7th over - 5 run(s), 4 hit(s), 1 error(s), 1 left on base; Portland 12 - Montana 0
BOTTOM OF THE 7TH
Montana Pandas batting - Pitching for Portland Evergreens : LHP Jesús Medina
Batting: RHB Ronnie Tushinghem 0-0: Ground out 4-3 (Groundball, 34)
Batting: RHB Elder Sarrano 0-0: Called Strike
0-1: Ball
1-1: Foul Ball, location: 2F
1-2: Strikes out swinging
Batting: RHB José García 0-0: Called Strike
0-1: Called Strike
0-2: Fly out, F4 (Popup, 4S)
Bottom of the 7th over - 0 run(s), 0 hit(s), 0 error(s), 0 left on base; Portland 12 - Montana 0
TOP OF THE 8TH
Portland Evergreens batting - Pitching for Montana Pandas : LHP Pedro Méndez
Batting: LHB Charles Mathes 0-0: Called Strike
0-1: Ball
1-1: Ball
2-1: Foul Ball, location: 2F
2-2: SINGLE (Line Drive, 7S)
Batting: RHB Ty Struck 0-0: Ball
1-0: DOUBLE (Line Drive, 89XD)
Charles Mathes to third
Runner from 3rd tries for Home, SAFE, no throw
Batting: RHB Bubba Blevins 0-0: Ball
1-0: Foul Ball, location: 2F
1-1: SINGLE (Line Drive, 56D)
Ty Struck to third
Batting: LHB Gabriel Díaz 0-0: Called Strike
0-1: Grounds into double play, 4-6-3 (Groundball, 4)
Ty Struck scores
Batting: RHB Silvio Bonauiti 0-0: Called Strike
0-1: Ball
1-1: SINGLE (Flyball, 89M)
Batting: LHB Clay Rush 0-0: Ball
1-0: Ball
Silvio Bonauiti is caught stealing 2nd base
Top of the 8th over - 2 run(s), 4 hit(s), 0 error(s), 0 left on base; Portland 14 - Montana 0
BOTTOM OF THE 8TH
Montana Pandas batting - Pitching for Portland Evergreens : LHP Jesús Medina
Batting: RHB Arturo Mateo 0-0: Called Strike
0-1: Ground out 5-3 (Groundball, 56)
Batting: RHB He-ping Zhong 0-0: Ball
1-0: Foul Ball, location: 2F
1-1: Ground out 4-3 (Groundball, 4)
Batting: SHB Jake Richardson 0-0: Ball
1-0: Foul Ball, location: 2F
1-1: Swinging Strike
1-2: Ball
2-2: Ball
3-2: Strikes out looking
Bottom of the 8th over - 0 run(s), 0 hit(s), 0 error(s), 0 left on base; Portland 14 - Montana 0
TOP OF THE 9TH
Portland Evergreens batting - Pitching for Montana Pandas : LHP Pedro Méndez
Batting: LHB Clay Rush 0-0: SINGLE (Line Drive, 4M)
Batting: LHB Chris Payling 0-0: Ball
1-0: Foul Ball, location: 2F
1-1: DOUBLE (Flyball, 8RD)
Clay Rush to third
Batting: LHB John Ennis 0-0: Ball
1-0: Swinging Strike
1-1: Ball
2-1: Ball
3-1: Base on Balls
Batting: LHB Adrián Gómez 0-0: Ball
1-0: Foul Ball, location: 2F
1-1: Ball
2-1: Called Strike
2-2: SINGLE (Groundball, 34D)
Clay Rush scores
Chris Payling to third
John Ennis to second
Runner from 3rd tries for Home, throw and OUT!
Batting: LHB Charles Mathes 0-0: Ball
1-0: Foul Ball, location: 2F
1-1: Foul Ball, location: 2F
1-2: Foul Ball, location: 2F
1-2: Ground out 4-3 (Groundball, 4S)
John Ennis to third
Adrián Gómez to second
Batting: RHB Ty Struck 0-0: Ball
1-0: Swinging Strike
1-1: Ground out 4-3 (Groundball, 4)
Top of the 9th over - 1 run(s), 3 hit(s), 0 error(s), 2 left on base; Portland 15 - Montana 0
BOTTOM OF THE 9TH
Montana Pandas batting - Pitching for Portland Evergreens : LHP Jesús Medina
Now at C: Joram Nelen
Batting: RHB Pancho Salaedo 0-0: Called Strike
0-1: Foul Ball, location: 2F
0-2: Fly out, F3 (Popup, 3L)
Batting: RHB Jesús Vásquez 0-0: Ball
1-0: Called Strike
1-1: SINGLE (Groundball, 56S) (infield hit)
Batting: RHB Mike Henshaw 0-0: Ball
1-0: Ball
2-0: Called Strike
2-1: Ball
3-1: Swinging Strike
3-2: Strikes out looking
Batting: RHB Ronnie Tushinghem 0-0: Called Strike
0-1: Foul Ball, location: 2F
0-2: Strikes out looking
Bottom of the 9th over - 0 run(s), 1 hit(s), 0 error(s), 1 left on base; Portland 15 - Montana 0
Monday, August 21st, 2017 - OOTP Baseball 17.12 Build 75